 Dungeon Crawl Stone Soup version 0.13.0-29-gdb529de (webtiles) character file.

123 M4edhros the Caller (level 3, 0/21 HPs)
             Began as an Octopode Summoner on Nov 14, 2013.
             Slain by a giant gecko (1 damage)
             ... on Level 2 of the Dungeon.
             The game lasted 00:01:42 (1869 turns).

M4edhros the Caller (Octopode Summoner)             Turns: 1869, Time: 00:01:42

HP   0/21        AC  1     Str  7      XL: 3   Next: 39%
MP   6/6         EV 12     Int 18      God:
Gold 86          SH  0     Dex 12      Spells:  1 memorised,  3 levels left

Res.Fire  : . . .   See Invis. : .   d - +0 short sword
Res.Cold  : . . .   Warding    : .   (no shield)
Life Prot.: . . .   Conserve   : .   (helmet restricted)
Res.Poison: .       Res.Corr.  : .   (no amulet)
Res.Elec. : .       Clarity    : .   (no ring)
Sust.Abil.: . .     Spirit.Shd : .   (no ring)
Res.Mut.  : .       Stasis     : .   (no ring)
Res.Rott. : .       Flight     : .   (no ring)
Saprovore : . . .                    (no ring)
                                     (no ring)
                                     (no ring)
                                     (no ring)

@: not resistant to hostile enchantments, quite stealthy
A: almost no armour, amphibious, 8 rings, constrict 8, camouflage 1, AC +1
a: no special abilities


You were on level 2 of the Dungeon.
You were not hungry.

You visited 1 branch of the dungeon, and saw 2 of its levels.

You collected 66 gold pieces.

Inventory:

Hand weapons
 a - a +0,+0 club (quivered)
 d - a +0,+0 short sword (weapon)
Missiles
 h - 16 sling bullets
 i - a dart of flame
 k - a throwing net
Comestibles
 c - 2 bread rations
Scrolls
 f - a scroll of curse jewellery {unknown}
 g - a scroll of enchant weapon I {unknown}
Jewellery
 e - an uncursed ring of protection from magic {unknown}
 j - an uncursed ring of flight {unknown}
Books
 b - a book of Callings

   Spells                             Type                      Level
   *Summon Small Mammal               Summoning                    1
   Call Imp                           Summoning                    2
   Call Canine Familiar               Summoning                    3
   Summon Scorpions                   Summoning/Poison             4
   Summon Ice Beast                   Ice/Summoning                4


   Skills:
 - Level 2.0 Dodging
 - Level 2.6 Stealth
 + Level 1.4 Spellcasting
 * Level 4.9 Summonings


You had 3 spell levels left.
You knew the following spells:

 Your Spells              Type           Power        Failure   Level  Hunger
a - Summon Small Mammal   Summ           ###.         2%          1    ##.....


Dungeon Overview and Level Annotations

Branches:
Dungeon (2/27)

Altars:


Innate Abilities, Weirdness & Mutations

You cannot wear most types of armour.
You are amphibious.
You can wear up to eight rings at the same time.
You can use your tentacles to constrict many enemies at once.
Your skin changes colour to match your surroundings (Stlth).
Your rubbery body absorbs attacks (AC +1).


Message History

The kobold shouts!
The giant gecko barely misses you.
You barely miss the giant gecko. Your grab misses the giant gecko.
Your squeeze misses the giant gecko. The giant gecko bites you.
The giant gecko bites you.
You hit the giant gecko but do no damage.
Your grab misses the giant gecko. The giant gecko closely misses you.
You closely miss the giant gecko. Your grab misses the giant gecko.
The giant gecko barely misses you.
You hit the giant gecko. Your grab misses the giant gecko.
The giant gecko is moderately wounded.
The giant gecko bites you.
* * * LOW HITPOINT WARNING * * *
You are too injured to fight recklessly!
You closely miss the giant gecko. You grab the giant gecko.
The giant gecko is moderately wounded.
You constrict the giant gecko. The giant gecko bites you.
* * * LOW HITPOINT WARNING * * *
The giant gecko bites you.
You die...

############### ###
#.....@lK......
#....#
#.#############
#....# #.# .....#
#.#
#....#####.#######
+....+.............
#....###...###.###
#)...# #.....#
#....# #.....#


You could see a giant gecko and a kobold.

Vanquished Creatures
  A giant gecko (D:1)
  An ooze (D:2)
  4 bats
  2 giant cockroaches (D:1)
  10 hobgoblins
  A giant newt (D:1)
  4 goblins (D:1)
  2 jackals (D:1)
  3 kobolds (D:1)
  2 rats
30 creatures vanquished.

Notes
Turn   | Place    | Note
--------------------------------------------------------------
     0 | D:1      | M4edhros, the Octopode Summoner, began the quest for the Orb.
     0 | D:1      | Reached XP level 1. HP: 11/11 MP: 3/3
   256 | D:1      | Reached XP level 2. HP: 13/17 MP: 4/4
   928 | D:1      | Reached XP level 3. HP: 4/21 MP: 6/6
  1869 | D:2      | HP: 1/21 [giant gecko (5)]
  1869 | D:2      | Slain by a giant gecko

Action                   || total
-------------------------++-------
Melee: Club              ||     6
       Short sword       ||    79
       Unarmed           ||     3
 Stab: Sleeping          ||     5
       Distracted        ||     1
